 Dungeon Crawl Stone Soup version 0.22.1-1-ga44c0e5 (webtiles) character file.

23 Larett the Sneak (level 2, 0/14 HPs)
             Began as a Spriggan Assassin on Oct 31, 2018.
             Slain by Sigmund
             ... wielding a +0 scythe
              (4 damage)
             ... on level 2 of the Dungeon.
             The game lasted 00:04:39 (1111 turns).

Larett the Sneak (Spriggan Assassin)                Turns: 1111, Time: 00:04:40

Health: 0/14       AC:  3    Str:  7    XL:     2   Next: 75%
Magic:  3/3        EV: 17    Int: 12    God:
Gold:   64         SH:  0    Dex: 17    Spells: 1/1 levels left

rFire    . . .     SeeInvis +   b - +0 hunting sling
rCold    . . .     Gourm    .   (shield restricted)
rNeg     . . .     Faith    .   c - +0 robe
rPois    .         Spirit   .   (helmet restricted)
rElec    .         Reflect  .   d - +0 cloak
rCorr    .         Harm     .   (gloves unavailable)
MR       .....                  (boots unavailable)
Stlth    ++++......             (no amulet)
HPRegen  0.04/turn              (no ring)
MPRegen  0.08/turn              (no ring)

@: very quick
A: very small, unfitting armour, see invisible, herbivore, speed 3, slow
metabolism 2
a: no special abilities


You were on level 2 of the Dungeon.
You were not hungry.

You visited 1 branch of the dungeon, and saw 2 of its levels.

You collected 64 gold pieces.

Inventory:

Hand Weapons
 a - a +2 dagger
 b - a +0 hunting sling (weapon)
 q - a +0 blowgun
Missiles
 e - 8 poisoned needles
 f - 2 curare-tipped needles
 r - 17 bolts
 s - a sling bullet (quivered)
 u - 25 stones
 y - 8 needles of confusion
Armour
 c - a +0 robe (worn)
 d - a +0 cloak (worn)
Scrolls
 t - a scroll of enchant armour {unknown}
 x - a scroll of immolation {unknown}
 z - 2 scrolls of remove curse
 S - a scroll of teleportation {unknown}
Potions
 v - a potion of heal wounds
 B - 2 potions of agility {unknown}
 C - a potion of might {unknown}
 Q - 2 potions of curing
Comestibles
 g - 5 rations


   Skills:
 - Level 1.5 Fighting
 - Level 2.1 Short Blades
 - Level 2.0 Throwing
 - Level 1.5 Dodging
 + Level 7.3 Stealth


You had one spell level left.
You didn't know any spells.
Your spell library was empty.

Dungeon Overview and Level Annotations

Branches:
Dungeon (2/15)

Altars:

Annotations:
D:1 1 runed door
D:2 Sigmund


Innate Abilities, Weirdness & Mutations

You are very small and have problems with some larger weapons.
You are too small for most types of armour.
You have supernaturally acute eyesight. (SInv)
You are a herbivore.
You cover ground extremely quickly.
You need to consume almost no food.


Message History

You shoot a sling bullet. The sling bullet hits Sigmund.
Sigmund is heavily wounded.
Sigmund casts a spell at you. The magic dart hits you!
Ouch! That really hurt!
Firing (i - inventory. (/) - cycle)
s - 3 sling bullets (quivered)
Press: ? - help, Shift-Dir - straight line, f/p - Sigmund
Aim: Sigmund, wielding a scythe and wearing a robe (heavily wounded)
You shoot a sling bullet.
The sling bullet closely misses Sigmund.
Sigmund hits you from afar with a scythe.
* * * LOW HITPOINT WARNING * * *
Firing (i - inventory. (/) - cycle)
s - 2 sling bullets (quivered)
Press: ? - help, Shift-Dir - straight line, f/p - Sigmund
Aim: Sigmund, wielding a scythe and wearing a robe (heavily wounded)
You shoot a sling bullet.
The sling bullet hits Sigmund but does no damage.
Sigmund is heavily wounded.
Sigmund hits you from afar with a scythe.
You die...

...........##...###############
...##########.### ...# #..)#
...# ###.# ...# ####[### ##.#
+......# .. ####...# #...#
#.@.# #...# .....@(.
..........(# .............#
............(# .............#
.............#


You could see Sigmund.

Vanquished Creatures
  A giant cockroach (D:2)
  9 goblins
  2 hobgoblins
  4 bats
  4 frilled lizards
  A kobold (D:1)
  A rat (D:1)
22 creatures vanquished.

Notes
Turn   | Place    | Note
-------+----------+-------------------------------------------
     0 | D:1      | Larett the Spriggan Assassin began the quest for the Orb.
     0 | D:1      | Reached XP level 1. HP: 10/10 MP: 2/2
     1 | D:1      | Found a runed door.
    17 | D:1      | Reached skill level 6 in Stealth
   215 | D:1      | Reached XP level 2. HP: 12/14 MP: 3/3
   556 | D:2      | Reached skill level 7 in Stealth
   957 | D:2      | Noticed Sigmund
  1111 | D:2      | Slain by Sigmund

Skill      XL: |  1  2 |
---------------+-------+-----
Stealth        | 6 7 |  7.3
Fighting       | |  1.5
Short Blades   | |  2.1
Throwing       | |  2.0
Dodging        | |  1.5

Action                   || total
-------------------------++-------
Melee: Dagger            ||    70
 Fire: Hunting sling     ||     9
Throw: Stone             ||     1
  Use: Scroll            ||     4
 Stab: Sleeping          ||     6
Armor: Robe              ||     5
Dodge: Dodged            ||    44
